 Dungeon Crawl Stone Soup version 0.25.1-2-g60ff931 (webtiles) character file.

Game seed: 4948465272717129298

1499 ringo67 the Martial Artist (level 8, -8/44 HPs)
             Began as a Vine Stalker Monk on Aug 29, 2020.
             Was a Priest of Cheibriados.
             Mangled by Pikel
             ... wielding a +0 whip of electrocution
              (10 damage)
             ... on level 6 of the Dungeon.
             The game lasted 00:20:11 (5939 turns).

ringo67 the Martial Artist (Vine Stalker Monk)      Turns: 5939, Time: 00:20:11

Health: -8/44      AC: 12    Str: 23    XL:     8   Next: 81%
Magic:  0/11       EV:  8    Int: 18    God:    Cheibriados [***...]
Gold:   221        SH:  0    Dex: 26    Spells: 7/7 levels left

rFire    . . .     SeeInvis .     - Unarmed
rCold    + . .     Gourm    .   (no shield)
rNeg     . . .     Faith    .   e - +0 plate armour
rPois    .         Spirit   +   (no helmet)
rElec    .         Reflect  .   (no cloak)
rCorr    .         Harm     .   (no gloves)
MR       +....                  k - +1 pair of boots
Stlth    ..........             (no amulet)
HPRegen  0.54/turn              q - ring of protection from cold
MPRegen  0.12/turn              (no ring)

@: very slow
A: fangs 3, regeneration 1, magic shield, antimagic bite, no potion heal 3, rot
immunity
a: Bend Time, Temporal Distortion, Renounce Religion


You were on level 6 of the Dungeon.
You worshipped Cheibriados.
Cheibriados was most pleased with you.
You were not hungry.

You visited 2 branches of the dungeon, and saw 7 of its levels.
You also visited: Sewer.

You collected 221 gold pieces.

Inventory:

Missiles
 c - 44 poisoned darts (quivered)
 m - a throwing net
Armour
 d - a +0 kite shield
 e - a +0 plate armour (worn)
 k - a +1 pair of boots (worn)
Jewellery
 g - an uncursed ring of ice
 q - a ring of protection from cold (left hand)
 r - an uncursed ring of fire
Wands
 t - a wand of digging (3)
Scrolls
 a - a scroll of amnesia
 f - a scroll of remove curse
 h - a scroll of identify
 l - 5 scrolls of teleportation
 p - a scroll of fog
 s - 3 scrolls of enchant armour
 w - a scroll of vulnerability {unknown}
 y - 2 scrolls of enchant weapon {unknown}
Potions
 j - 9 potions of curing
 n - a potion of resistance {unknown}
 o - a potion of might {unknown}
 u - 2 potions of brilliance
 v - a potion of flight {unknown}
 x - a potion of lignification {unknown}
Comestibles
 b - 11 rations


   Skills:
 + Level 6.2 Fighting
 - Level 3.0 Dodging
 - Level 2.4 Stealth
 + Level 8.1 Unarmed Combat
 + Level 3.7 Invocations


You had 7 spell levels left.
You didn't know any spells.
Your spell library contained the following spells:

 Spells                   Type           Power        Failure   Level  Hunger
 Animate Skeleton         Necr           N/A          99%         1    ##.....
 Pain                     Necr           #...         99%         1    ##.....
 Vampiric Draining        Necr           #.........   100%        3    ####...
 Animate Dead             Necr           N/A          100%        4    #####..
 Agony                    Necr           #.......     100%        5    ######.


Dungeon Overview and Level Annotations

Branches:
Dungeon (6/15)             Temple (1/1) D:5           Sewer (visited)

Altars:
Ashenzari
Cheibriados
Dithmenos
Elyvilon
Fedhas
Gozag
Hepliaklqana
Kikubaaqudgha
Makhleb
Nemelex Xobeh
Okawaru
Qazlal
Ru
Sif Muna
Trog
Uskayaw
Vehumet
Wu Jian
Xom
Yredelemnul
Zin
The Shining One

Annotations:
D:6 Pikel


Innate Abilities, Weirdness & Mutations

You have razor-sharp teeth.
Your natural rate of healing is unusually fast.
When hurt, damage is shared between your health and your magic reserves.
Your bite disrupts and absorbs the magic of your enemies.
Potions cannot restore your health.
You are immune to rotting.


Message History

Pikel hits you with a +0 whip of electrocution.
You are electrocuted!
You punch Pikel! Your bite misses Pikel.
Pikel is lightly wounded.
Pikel hits you with a +0 whip of electrocution. x2
You are electrocuted!
* * * LOW HITPOINT WARNING * * *
Pikel hits you with a +0 whip of electrocution.
You barely miss Pikel. You bite Pikel. You drain his power.
You feel invigorated.
Pikel is moderately wounded.
Pikel barely misses you. Pikel hits you but does no damage.
You are electrocuted!
* * * LOW HITPOINT WARNING * * *
You closely miss Pikel. You bite Pikel, but do no damage.
Pikel is moderately wounded.
Pikel hits you with a +0 whip of electrocution.
* * * LOW HITPOINT WARNING * * *
You are electrocuted!
You die...

##..###.###..........#.........##
#....#..##.............#.......#
..............<.#.............)#
..............#.###............##
............##..#.##.........^...
.............##..# #..........##
.............#...# ##......#..#
..........#...##.####......##..#
..............#K@..##.....####.#
..........#...p###.#..#...# #..
................###..##..## ##.#
..........(#......(.###..# .#
......#......#.....## ..## ..
.........##........# #.[#
....###...##.......# ...#
##...#..####..####.. #.#..####
#..# ##.


You could see Pikel (fast) and a slave.

Vanquished Creatures
  Sigmund (D:4)
  An orc warrior (D:5)
  2 slaves
  A sky beast (D:6)
  An ice beast (D:5)
  2 ogres (D:5)
  A centaur (D:6)
  2 bullfrogs (D:6)
  A crimson imp (D:5)
  A quasit (D:5)
  An orc priest (D:5)
  An iguana (D:4)
  2 orc wizards (D:6)
  A worker ant (D:4)
  A hound zombie (D:5)
  A worker ant zombie (D:5)
  7 gnolls
  12 adders
  10 river rats
  2 shadow imps
  3 oozes
  An adder skeleton (D:6)
  9 worms
  A dart slug (D:5)
  6 leopard geckos
  18 orcs
  7 ball pythons
  9 bats
  3 giant cockroaches
  2 goblins
  5 hobgoblins
  7 jackals
  26 kobolds
  4 quokkas
  A frilled lizard (D:1)
  A jackal skeleton (D:4)
  A leopard gecko skeleton (D:4)
  A quokka zombie (D:6)
  31 rats
187 creatures vanquished.

Vanquished Creatures (others)
  5 dream sheep (D:5)
5 creatures vanquished.

Grand Total: 192 creatures vanquished

Notes
Turn   | Place    | Note
-------+----------+-------------------------------------------
     0 | D:1      | ringo67 the Vine Stalker Monk began the quest for the Orb.
     0 | D:1      | Reached XP level 1. HP: 11/11 MP: 2/2
   233 | D:1      | Reached XP level 2. HP: 16/16 MP: 3/3
   723 | D:1      | Reached XP level 3. HP: 19/20 MP: 2/4
  1036 | D:2      | Found a white marble altar of Elyvilon.
  1049 | D:2      | Reached skill level 4 in Unarmed Combat
  1442 | D:2      | Gained mutation: Your natural rate of healing is unusually
                  | fast. [Vine Stalker growth]
  1442 | D:2      | Reached XP level 4. HP: 11/24 MP: 3/5
  2326 | D:3      | Reached XP level 5. HP: 28/28 MP: 6/6
  2488 | D:4      | Noticed Sigmund
  2513 | D:4      | Killed Sigmund
  2513 | D:4      | Reached skill level 5 in Unarmed Combat
  2513 | D:4      | Reached XP level 6. HP: 23/33 MP: 4/7
  2600 | D:4      | Reached skill level 6 in Unarmed Combat
  2913 | D:4      | Found a glowing drain.
  2920 | Sewer    | Entered a sewer
  3145 | Sewer    | Reached XP level 7. HP: 38/38 MP: 8/8
  4124 | D:5      | Entered Level 5 of the Dungeon
  4167 | D:5      | Found a staircase to the Ecumenical Temple.
  4177 | Temple   | Entered the Ecumenical Temple
  4231 | Temple   | Became a worshipper of Cheibriados the Contemplative
  4231 | Temple   | Reached * piety under Cheibriados
  4231 | Temple   | Reached ** piety under Cheibriados
  4435 | D:5      | Reached skill level 7 in Unarmed Combat
  4442 | D:5      | Reached skill level 5 in Fighting
  4690 | D:5      | Reached skill level 1 in Invocations
  4775 | D:5      | Noticed a dream sheep
  4775 | D:5      | Noticed a dream sheep
  4775 | D:5      | Noticed a dream sheep
  4775 | D:5      | Noticed a dream sheep
  4775 | D:5      | Noticed a dream sheep
  4775 | D:5      | Found a shimmering altar of Xom.
  4778 | D:5      | Killed a dream sheep
  4779 | D:5      | Killed a dream sheep
  4779 | D:5      | Killed a dream sheep
  4779 | D:5      | Killed a dream sheep
  4780 | D:5      | Killed a dream sheep
  4909 | D:5      | Gained mutation: You have razor-sharp teeth. [Vine Stalker
                  | growth]
  4909 | D:5      | Reached XP level 8. HP: 43/43 MP: 8/10
  5387 | D:6      | Reached *** piety under Cheibriados
  5786 | D:6      | Reached skill level 8 in Unarmed Combat
  5797 | D:6      | Noticed Pikel
  5939 | D:6      | HP: 2/44 [Pikel/+0 whip of electrocution (3)]
  5939 | D:6      | Mangled by Pikel

Illustrated notes

Levels and vault maps discovered:
D:1:      onia_arrival_pentagram, layout_loops_corners
D:2:      layout_basic, elyvilon_altar_4, hex_intersection
D:3:      layout_basic, first_ration
D:4:      layout_loops_ring, lightli_sewer_entry_pipes, uniq_sigmund
D:5:      layout_cave_pods, minmay_temple_entry_junction, kb_xom_exploding_sheep
D:6:      layout_layer_cave, uniq_pikel
Temple:   compressed_dpeg_triangle_lava_temple

Skill      XL: |  1  2  3  4  5  6  7  8 |
---------------+-------------------------+-----
Fighting       | 3 4 5 6 |  6.2
Unarmed Combat | 4 5 6 7 8 |  8.1
Dodging        | 3 |  3.0
Invocations    | 1 3 |  3.7
Stealth        | |  2.4

Action                   |  1- 3 |  4- 6 |  7- 9 || total
-------------------------+-------+-------+-------++-------
Melee: Unarmed           |    87 |   211 |   272 ||   570
       Bite              |    26 |    65 |   102 ||   193
       Punch             |       |     2 |     5 ||     7
Throw: Dart              |     1 |    41 |     6 ||    48
Invok: Bend Time         |       |       |     1 ||     1
  Use: Scroll            |       |     2 |     9 ||    11
  Eat: Chunk             |     2 |     5 |     7 ||    14
Armor: Plate armour      |    59 |   143 |   184 ||   386
Dodge: Dodged            |    17 |    42 |    85 ||   144
